 Dungeon Crawl Stone Soup version 0.30-a0-739-gea05faddec (webtiles) character file.

Game seed: 817463712641367404

768 ParallaxScroll the Changer (level 7, 0/46 HPs)
             Began as an Octopode Transmuter on Feb 4, 2023.
             Was a Believer of Okawaru.
             Slain by Edmund
             ... wielding a +2 heavy dire flail
              (21 damage)
             ... on level 5 of the Dungeon.
             The game lasted 00:29:03 (4164 turns).

ParallaxScroll the Changer (Octopode Transmuter)    Turns: 4164, Time: 00:29:04

Health: 0/46       AC:  1    Str:  9    XL:     7   Next: 82%
Magic:  7/10       EV: 20    Int: 17    God:    Okawaru [**....]
Gold:   228        SH:  5    Dex: 13    Spells: 4/10 levels left

rFire   . . .      SeeInvis .    a - +0 dagger (venom)
rCold   . . .      Faith    .    h - +0 buckler
rNeg    . . .      Spirit   .    (helmet currently unavailable)
rPois   .          Reflect  .    (no amulet)
rElec   .          Harm     .    w - ring of resist corrosion
rCorr   +          Rampage  .    m - +5 ring of evasion
Will    .....                    (no ring)
Stlth   +++++                    (no ring)
HPRegen 0.27/turn                (no ring)
MPRegen 0.12/turn                (no ring)
                                 (no ring)
                                 (no ring)

@: appendages, heroic
A: tentacle spike 3, almost no armour, amphibious, 8 rings, camouflage 1,
gelatinous body 1, (nimble swimmer 1), tentacles
a: End Transformation, Renounce Religion, Heroism


You were on level 5 of the Dungeon.
You worshipped Okawaru.
Okawaru was pleased with you.
One of your tentacles had grown a beastly spike.
You visited 1 branch of the dungeon, and saw 5 of its levels.

You collected 228 gold pieces.

Inventory:

Hand Weapons
 a - a +0 dagger of venom (weapon)
 g - a +0 short sword
 p - a +0 mace
 q - a +0 shortbow of draining
Missiles
 b - 6 javelins
 d - 3 atropa-tipped darts (quivered)
 l - 16 stones
Armour
 h - a +0 buckler (worn)
Magical Staves
 x - a staff of air
Jewellery
 m - a +5 ring of evasion (right tentacle)
 w - a ring of resist corrosion (left tentacle)
Wands
 n - a wand of roots (5)
Scrolls
 e - 2 scrolls of blinking
 f - 2 scrolls of summoning {unknown}
 j - 2 scrolls of teleportation
 k - 2 scrolls of enchant armour
 o - a scroll of acquirement {unknown}
 s - a scroll of torment {unknown}
 y - a scroll of poison
 z - a scroll of silence {unknown}
Potions
 c - a potion of attraction
 i - a potion of lignification


   Skills:
 - Level 3.0(8.0) Fighting
 - Level 2.0(7.0) Short Blades
 - Level 2.0(7.0) Dodging
 - Level 4.5(9.5) Stealth
 - Level 2.0(7.0) Shields
 - Level 3.0(8.0) Unarmed Combat
 - Level 2.0 Spellcasting
 - Level 5.0 Transmutations
 + Level 3.9 Poison Magic
 - Level 2.0 Invocations
 - Level 1.0 Evocations


You had 4 spell levels left.
You knew the following spells:

 Your Spells              Type           Power      Damage    Failure   Level
a - Beastly Appendage     Tmut           36%        N/A       3%          1
b - Wereblood             Tmut           18%        N/A       4%          2
c - Spider Form           Tmut/Pois      16%        N/A       12%         3

Your spell library contained the following spells:

 Spells                   Type           Power      Damage    Failure   Level
 Ice Form                 Ice/Tmut       10%        N/A       65%         4
 Airstrike                Air            0%         2d(1-17)  94%         4
 Fireball                 Conj/Fire      0%         3d3       100%        5
 Iskenderun's Battlesphe  Conj           1%         2d6       100%        5
 Lightning Bolt           Conj/Air       0%         1d11      100%        5
 Conjure Ball Lightning   Conj/Air       0%         3x3d6     100%        6
 Orb of Destruction       Conj           0%         9d5       100%        7
 Summon Lightning Spire   Summ/Air       Unusable   N/A       N/A         4

Dungeon Overview and Level Annotations

Branches:
Dungeon (5/15)
 Temple: D:4-7

Altars:
Okawaru
Vehumet

Annotations:
D:5 exclusion: orc priest, Edmund


Innate Abilities, Weirdness & Mutations

One of your tentacles has grown a beastly spike.
You cannot wear most types of armour.
You are amphibious.
You can wear up to eight rings at the same time.
Your skin changes colour to match your surroundings (Stealth+).
Your rubbery body absorbs attacks. (AC +1, EV +1)
((You are camouflaged when in or above water. (Stealth+)))
You have tentacles for arms and can constrict up to eight enemies at once.


Message History

Your tentacle spike misses the ogre.
You squeeze the ogre.
The ogre is heavily wounded.
You hit the ogre but do no damage.
The ogre looks as sick as possible!
You squeeze the ogre!
You kill the ogre!
Okawaru accepts your kill.
Training target 3.0 for Poison Magic reached!
Your Poison Magic skill increases to level 3!
You need to enable at least one skill for training.
Your primal bloodlust is almost over.
You howl as the wereblood boils in your veins!
You howl as the wereblood boils in your veins!
Magic restored.
You howl as the wereblood boils in your veins!
Your primal bloodlust has ended.
Things that are here:
a +0 giant club; an iguana corpse
d - 2 atropa-tipped darts (gained 1)
d - 3 atropa-tipped darts (gained 1)
Your transformation is almost over.
You now have 228 gold pieces (gained 7).
Your tentacle spike disappears.
Things that are here:
a +0 giant club; an iguana corpse You see here a +0 short sword.
Edmund the Younger comes into view.
He is wielding a +2 heavy dire flail.
Found a dagger.
The helpless Edmund fails to defend himself.
You puncture Edmund!
Edmund looks as sick as possible!
Your grab misses Edmund.
You tentacle-slap Edmund, but do no damage.
Edmund is moderately wounded.
Edmund hits you with a +2 heavy dire flail!!
Ouch! That really hurt!
Edmund says, "People accused me of being a cutpurse!"
You gain the combat prowess of a mighty hero.
Casting: Beastly Appendage (safe; 3% risk of failure)
Confirm with . or Enter, or press ? or * to list all spells.
One of your tentacles grows a vicious spike.
Edmund hits you with a +2 heavy dire flail!!
You die...

##.......#####.......##...
##.........##..........##
#.....###.##......>.....
#.....# #..........#.###
####### ###..........#
####.......>..###
#....##.......###
###.#)............###
######..@@.###.......#....
........#### #############
.#.........# ...........#
##.........# #<......).#
#.........# #.........#
###########


You could see Edmund (very poisoned).

Vanquished Creatures
  2 ogres
  2 centaurs (D:5)
  2 phantoms
  A hound (D:5)
  5 iguanas
  An orc wizard (D:4)
  3 adders
  4 worms
  2 dart slugs
  10 orcs
  7 endoplasms
  4 giant cockroaches
  7 goblins
  5 hobgoblins
  11 kobolds
  3 ball pythons
  3 bats (D:2)
  3 frilled lizards
  3 rats
78 creatures vanquished.

Notes
Turn   | Place    | Note
-------+----------+-------------------------------------------
     0 | D:1      | ParallaxScroll the Octopode Transmuter began the quest for
                  | the Orb.
     0 | D:1      | Reached XP level 1. HP: 13/13 MP: 3/3
    95 | D:1      | Reached XP level 2. HP: 18/18 MP: 3/5
   104 | D:1      | Learned a level 2 spell: Wereblood
   188 | D:1      | Reached skill level 1 in Stealth
   736 | D:2      | Reached XP level 3. HP: 24/24 MP: 6/6
  1018 | D:2      | Reached skill level 1 in Shields
  1043 | D:2      | Reached skill level 3 in Transmutations
  1497 | D:2      | Reached XP level 4. HP: 29/29 MP: 3/7
  2408 | D:4      | Noticed a phantom
  2825 | D:4      | Found an iron altar of Okawaru.
  2835 | D:4      | Became a worshipper of Warmaster Okawaru
  2879 | D:4      | Reached skill level 1 in Short Blades
  2879 | D:4      | Reached XP level 5. HP: 28/34 MP: 6/8
  2884 | D:4      | Reached skill level 1 in Evocations
  2886 | D:4      | Noticed an ogre
  2894 | D:4      | Killed an ogre
  2921 | D:5      | Entered Level 5 of the Dungeon
  3042 | D:5      | Noticed a phantom
  3042 | D:5      | Noticed a centaur
  3064 | D:5      | Killed a phantom
  3065 | D:5      | Reached skill level 4 in Transmutations
  3065 | D:5      | Reached XP level 6. HP: 24/39 MP: 9/9
  3129 | D:5      | Reached * piety under Okawaru
  3224 | D:5      | Reached skill level 5 in Transmutations
  3224 | D:5      | Reached XP level 7. HP: 30/46 MP: 8/10
  3695 | D:4      | Reached ** piety under Okawaru
  3856 | D:5      | Found a radiant altar of Vehumet.
  3863 | D:5      | Reached skill level 1 in Poison Magic
  3963 | D:5      | Learned a level 3 spell: Spider Form
  4154 | D:5      | Noticed Edmund
  4164 | D:5      | Slain by Edmund

Illustrated notes

Levels and vault maps discovered:
D:1:      dpeg_arrival_fog, layout_rooms, kennysheep_doodads
D:2:      layout_loops_ring
D:3:      layout_loops_ring
D:4:      layout_basic, okawaru_metal_pillars_3
D:5:      layout_rooms, mainiacjoe_overflow_alcove_1,
          kennysheep_generic_room_14, uniq_edmund

Skill      XL: |  1  2  3  4  5  6  7 |
---------------+----------------------+-----
Stealth        | 1 2 4 |  4.5
Fighting       | 2 3 |  3.0
Shields        | 1 2 |  2.0
Transmutations | 3 4 5 |  5.0
Short Blades   | 1 2 |  2.0
Evocations     | 1 |  1.0
Invocations    | 2 |  2.0
Poison Magic   | 3 |  3.9
Dodging        | |  2.0
Unarmed Combat | |  3.0
Spellcasting   | |  2.0

Action                     |  1- 3 |  4- 6 |  7- 9 || total
---------------------------+-------+-------+-------++-------
  Melee: Unarmed           |    56 |    23 |    29 ||   108
         Kick              |    21 |    21 |    23 ||    65
         Constrict         |    17 |    17 |     6 ||    40
         Punch             |     3 |     2 |     2 ||     7
         Tentacles         |     5 |    18 |    15 ||    38
         Dagger            |    22 |    59 |    32 ||   113
  Throw: Stone             |     2 |     2 |     6 ||    10
         Dart              |       |     2 |     2 ||     4
   Cast: Beastly Appendage |    22 |    17 |     8 ||    47
         Wereblood         |     6 |    11 |     3 ||    20
 Invoke: Heroism           |       |       |     1 ||     1
    Use: Scroll            |     3 |     1 |     2 ||     6
         Potion            |       |     5 |       ||     5
   Stab: Sleeping          |    10 |     8 |     3 ||    21
 Armour: Skin              |     3 |     5 |     2 ||    10
  Dodge: Dodged            |    45 |    45 |    32 ||   122
  Block: Buckler           |     7 |    11 |     9 ||    27

Table legend: (Time is in decaauts)
 A = Elapsed time spent in this place.
 B = Non-inter-level travel time spent in this place.
 C = Inter-level travel time spent in this place.
 D = Time resting spent in this place.
 E = Time spent auto-exploring this place.
 F = Levels seen in this place.
 G = Mean time per level.
                   A        B        C        D        E       F      G
               +--------+--------+--------+--------+--------+-----+--------+
         Total |   4139 |   3943 |    196 |    752 |   2369 |   5 |  827.8 |
       Dungeon |   4139 |   3943 |    196 |    752 |   2369 |   5 |  827.8 |
               +--------+--------+--------+--------+--------+-----+--------+

Top non-repeatable levels by time:
     D:2: 1011 daAuts
     D:4: 952 daAuts
     D:5: 809 daAuts
     D:3: 696 daAuts
     D:1: 669 daAuts
